 Dungeon Crawl Stone Soup version 0.22.0-75-g3901e79 (webtiles) character file.

121 troglodite the Conjurer (level 4, -6/33 HPs)
             Began as a Demigod Conjurer on Sept 14, 2018.
             Mangled by Sigmund
             ... wielding a +0 scythe
              (14 damage)
             ... on level 2 of the Dungeon.
             The game lasted 00:18:10 (3064 turns).

troglodite the Conjurer (Demigod Conjurer)          Turns: 3064, Time: 00:18:11

Health: -6/33      AC:  2    Str: 13    XL:     4   Next: 48%
Magic:  4/10       EV: 13    Int: 19    God:
Gold:   157        SH:  0    Dex: 16    Spells: 1/8 levels left

rFire    . . .     SeeInvis .     - Unarmed
rCold    + + .     Gourm    .   (no shield)
rNeg     . . .     Faith    .   a - +0 robe
rPois    .         Spirit   .   (no helmet)
rElec    .         Reflect  .   (no cloak)
rCorr    .         Harm     .   (no gloves)
MR       .....                  (no boots)
Stlth    ++........             (no amulet)
HPRegen  0.11/turn              h - ring of protection from cold
MPRegen  0.12/turn              m - ring of protection from cold

@: no status effects
A: high mp 1
a: no special abilities


You were on level 2 of the Dungeon.
You were not hungry.

You visited 1 branch of the dungeon, and saw 2 of its levels.

You collected 157 gold pieces.

Inventory:

Armour
 a - a +0 robe (worn)
Jewellery
 h - a ring of protection from cold (left hand)
 m - a ring of protection from cold (right hand)
Scrolls
 f - 2 scrolls of identify {unknown}
 g - 2 scrolls of enchant weapon {unknown}
 j - a scroll of magic mapping {unknown}
Potions
 d - a potion of haste {unknown}
 e - a potion of curing {unknown}
 i - a potion of lignification {unknown}
 k - a potion of heal wounds {unknown}
 l - 2 potions of berserk rage {unknown}
Comestibles
 b - 3 chunks of flesh
 c - 2 rations


   Skills:
 + Level 0.3 Fighting
 * Level 2.1 Dodging
 + Level 2.0 Stealth
 + Level 1.1 Unarmed Combat
 * Level 2.6 Spellcasting
 * Level 4.6 Conjurations


You had one spell level left.
You knew the following spells:

 Your Spells              Type           Power        Failure   Level  Hunger
a - Magic Dart            Conj           ###.         2%          1    #......
b - Searing Ray           Conj           ###...       3%          2    ##.....
c - Iskenderun's Mystic   Conj           ###.....     22%         4    #####..

Your spell library contained the following spells:

 Spells                   Type           Power        Failure   Level  Hunger
 Dazzling Spray           Conj/Hex       ##....       19%         3    ###....
 Force Lance              Conj/Tloc      ##......     52%         4    #####..
 Fulminant Prism          Conj/Hex       ##........   52%         4    #####..


Dungeon Overview and Level Annotations

Branches:
Dungeon (2/15)

Annotations:
D:2 Sigmund


Innate Abilities, Weirdness & Mutations

You have an increased reservoir of magic. (+10% MP)


Message History

The magic dart hits you!
Sigmund casts a spell.
Sigmund flickers and vanishes!
Deactivating autopickup; reactivate with Ctrl-A.
You feel less confused. Something barely misses you.
Something completely misses you.
There is a stone staircase leading down here.
Something hits you. Something hits you!
You miss something. Something hits you.
* * * LOW HITPOINT WARNING * * *
Casting: Iskenderun's Mystic Blast (slightly dangerous; 22% risk of failure)
Confirm with . or Enter, or press ? or * to list all spells.
You can't see any susceptible monsters within range! (Use Z to cast anyway.)
Casting: Iskenderun's Mystic Blast (slightly dangerous; 22% risk of failure)
Confirm with . or Enter, or press ? or * to list all spells.
You can't see any susceptible monsters within range! (Use Z to cast anyway.)
Something hits you!
You die...

.....'......##.........#
.....######.##.........#
..........#.####..#'####
..........#.####..#.#
..........#...@.....#
..........######+#..#######
..........# #.............#
..........###..?..........#
.....(..[.'.'...@..>......#
........[.###.............#
..........###.............#
............+.............#
...........##.............#
...........##.............#
...........##.............#
######.....##.............#
.....(.##.###.............#


There were no monsters in sight!

Vanquished Creatures
  A worker ant zombie (D:2)
  A gnoll (D:1)
  6 adders
  2 worms (D:2)
  A dart slug (D:2)
  3 bats (D:1)
  A giant cockroach (D:1)
  3 goblins
  3 hobgoblins (D:1)
  6 jackals (D:1)
  4 kobolds
  A quokka (D:2)
  7 frilled lizards
  3 rats (D:1)
42 creatures vanquished.

Notes
Turn   | Place    | Note
-------+----------+-------------------------------------------
     0 | D:1      | troglodite the Demigod Conjurer began the quest for the
                  | Orb.
     0 | D:1      | Reached XP level 1. HP: 14/14 MP: 5/5
    67 | D:1      | Reached skill level 4 in Conjurations
    67 | D:1      | Reached XP level 2. HP: 9/20 MP: 0/7
   476 | D:1      | Learned a level 2 spell: Searing Ray
  1008 | D:1      | Reached XP level 3. HP: 26/26 MP: 5/8
  1234 | D:2      | Found a faded altar of an unknown god.
  1953 | D:2      | Reached skill level 1 in Unarmed Combat
  2030 | D:2      | Reached XP level 4. HP: 21/33 MP: 1/10
  2351 | D:2      | Learned a level 4 spell: Iskenderun's Mystic Blast
  2664 | D:2      | Noticed Sigmund
  3064 | D:2      | Mangled by Sigmund

Skill      XL: |  1  2  3  4 |
---------------+-------------+-----
Conjurations   | 4 |  4.6
Spellcasting   | 2 |  2.6
Dodging        | 2 |  2.1
Unarmed Combat | 1 |  1.1
Stealth        | 2 |  2.0
Fighting       | |  0.3

Action                   |  1- 3 |  4- 6 || total
-------------------------+-------+-------++-------
Melee: Unarmed           |    69 |     1 ||    70
 Cast: Magic Dart        |    71 |    25 ||    96
       Searing Ray       |     2 |       ||     2
       Iskenderun's Myst |       |     5 ||     5
  Eat: Chunk             |     4 |     3 ||     7
       Ration            |       |     1 ||     1
Armor: Robe              |    14 |     1 ||    15
Dodge: Dodged            |    58 |    15 ||    73
